 Dungeon Crawl Stone Soup version 0.23-a0-386-g9c9d49f (webtiles) character file.

335 Gergoth the Skirmisher (level 6, -3/40 HPs)
             Began as a Gargoyle Fighter on Oct 28, 2018.
             Was a Follower of Vehumet.
             Slain by a gnoll
             ... wielding a +0 flail
              (5 damage)
             ... on level 5 of the Dungeon.
             The game lasted 00:05:21 (2137 turns).

Gergoth the Skirmisher (Gargoyle Fighter)           Turns: 2137, Time: 00:05:21

Health: -3/40      AC: 12    Str: 22    XL:     6   Next: 53%
Magic:  10/10      EV:  7    Int: 11    God:    Vehumet [*.....]
Gold:   152        SH:  9    Dex:  9    Spells: 11/11 levels left

rFire    . . .     SeeInvis .   k - +0 whip (drain)
rCold    . . .     Gourm    .   c - +0 shield
rNeg     + . .     Faith    .   b - +0 scale mail
rPois    ∞         Spirit   .   h - +0 helmet
rElec    +         Reflect  .   t - scarf {cloud immunity}
rCorr    .         Harm     .   (no gloves)
MR       .....                  (no boots)
Stlth    ..........             (no amulet)
HPRegen  0.13/turn              q - +3 ring of strength
MPRegen  0.12/turn              (no ring)

@: glowing
A: negative energy resistance 1, electricity resistance, unbreathing,
petrification resistance, rot immunity, AC +4
a: Renounce Religion


You were on level 5 of the Dungeon.
You worshipped Vehumet.
Vehumet was aware of your devotion.
You were not hungry.

You visited 1 branch of the dungeon, and saw 5 of its levels.

You collected 152 gold pieces.

Inventory:

Hand Weapons
 a - a +0 flail
 k - a +0 whip of draining (weapon)
Armour
 b - a +0 scale mail (worn)
 c - a +0 shield (worn)
 h - a +0 helmet (worn)
 t - a scarf of cloud immunity (worn)
Jewellery
 q - a +3 ring of strength (left hand)
Scrolls
 e - a scroll of teleportation {unknown}
 j - a scroll of remove curse
 o - a scroll of identify
 p - a scroll of magic mapping {unknown}
 s - a scroll of fog {unknown}
Potions
 d - 2 potions of might
 l - a potion of curing {unknown}
 m - a potion of haste {unknown}
 n - 3 potions of heal wounds
 r - a potion of lignification {unknown}
Comestibles
 f - 10 rations
 g - 3 chunks of flesh


   Skills:
 + Level 5.2 Fighting
 + Level 4.1 Maces & Flails
 - Level 3.2 Armour
 - Level 3.2 Shields
 + Level 3.1 Spellcasting


You had 11 spell levels left.
You didn't know any spells.
Your spell library was empty.

Dungeon Overview and Level Annotations

Branches:
Dungeon (5/15)
 Temple: D:4-7

Altars:
Gozag
Hepliaklqana
Kikubaaqudgha
Qazlal
Uskayaw
Vehumet
Yredelemnul

Annotations:
D:3 1 runed door, feelmyfire's ghost, amateur OpTm
D:4 Purgy


Innate Abilities, Weirdness & Mutations

You are resistant to torment.
Your stone body is resilient. (AC +4)
You are immune to poison.
You resist negative energy. (rN+)
You are resistant to electric shocks. (rElec)
You can survive without breathing.
You are immune to petrification.
You are immune to rotting.


Message History

You hit the gnoll shaman but do no damage.
You drain the gnoll shaman!
You kill the gnoll shaman!
Vehumet accepts your kill. The gnoll hits you with a +0 flail.
* * * LOW HITPOINT WARNING * * *
Items here: ( ) [ † a +0 whip; a +0 leather armour; 2 arrows; a gnoll corpse You hit the gnoll.
You drain the gnoll!
The gnoll is severely wounded.
The gnoll hits you with a +0 flail.
* * * LOW HITPOINT WARNING * * *
You barely miss the gnoll.
The gnoll is severely wounded.
The gnoll hits you with a +0 flail.
* * * LOW HITPOINT WARNING * * *
You closely miss the gnoll.
The gnoll is severely wounded.
The gnoll hits you with a +0 flail.
You die...

.......................
.......................
.......................
g......................
g......................
.......................
#.#(#######.###....
########(#g# #..##....
.......).@.# #...#....
......##.######
#...#.... .....
#.÷....####...#....
....
######............. ...
#...[)........ .c
#.......#..... .
#...........##
#.......#...#
#........#..#


You could see a gnoll.

Vanquished Creatures
  A centaur (D:5)
  A bullfrog skeleton (D:5)
  2 hounds
  A gnoll shaman (D:5)
  An orc wizard (D:5)
  A worker ant (D:5)
  2 gnolls (D:5)
  An adder (D:3)
  4 leopard geckos
  5 orcs
  5 giant cockroaches
  5 hobgoblins
  2 jackals (D:3)
  4 kobolds
  2 quokkas (D:3)
  3 ball pythons
  4 bats
  3 frilled lizards
  4 goblins
  A quokka skeleton (D:5)
  7 rats
59 creatures vanquished.

Notes
Turn   | Place    | Note
-------+----------+-------------------------------------------
     0 | D:1      | Gergoth the Gargoyle Fighter began the quest for the Orb.
     0 | D:1      | Reached XP level 1. HP: 14/14 MP: 1/1
    36 | D:1      | Reached XP level 2. HP: 19/19 MP: 2/2
   383 | D:2      | Reached skill level 1 in Spellcasting
   503 | D:2      | Found a radiant altar of Vehumet.
   531 | D:2      | Reached XP level 3. HP: 23/24 MP: 4/4
   569 | D:2      | Became a worshipper of Vehumet
   610 | D:2      | Found an opulent altar of Gozag.
   615 | D:2      | Found a hazy altar of Hepliaklqana.
   615 | D:2      | Found an ancient bone altar of Kikubaaqudgha.
   625 | D:2      | Found a basalt altar of Yredelemnul.
   628 | D:2      | Found a hide-covered altar of Uskayaw.
   679 | D:2      | Found a stormy altar of Qazlal.
   813 | D:3      | Found a runed door.
   813 | D:3      | Noticed feelmyfire's ghost (amateur OpTm)
  1070 | D:3      | Noticed Purgy
  1377 | D:3      | Reached skill level 4 in Fighting
  1521 | D:3      | Reached XP level 4. HP: 26/29 MP: 6/6
  1768 | D:4      | Reached * piety under Vehumet
  1768 | D:4      | Offered knowledge of Shock by Vehumet.
  1805 | D:5      | Entered Level 5 of the Dungeon
  1914 | D:5      | Reached XP level 5. HP: 26/34 MP: 6/8
  2024 | D:5      | Noticed a centaur
  2046 | D:5      | Killed a centaur
  2046 | D:5      | Reached XP level 6. HP: 22/40 MP: 8/10
  2060 | D:5      | Reached skill level 5 in Fighting
  2136 | D:5      | HP: 2/40 [gnoll/+0 flail (4)]
  2137 | D:5      | Slain by a gnoll

Vault maps used:
D:1:      scummos_arrival_simple_fountains, corexii_leaking_fountain
D:2:      fiery_altar_vehumet, minmay_overflow_temple_star_hex,
          grunt_qazlal_clouds
D:3:      ebering_ghost_reflecting_pool, uniq_purgy
D:4:      serial_shops, shop_statue, kennysheep_nub, minmay_mini_ossuary
D:5:      first_ration, serial_shops, shop

Skill      XL: |  1  2  3  4  5  6 |
---------------+-------------------+-----
Spellcasting   | 1 2 3 |  3.1
Fighting       | 4 5 |  5.2
Maces & Flails | 3 4 |  4.1
Armour         | |  3.2
Shields        | |  3.2

Action                   |  1- 3 |  4- 6 || total
-------------------------+-------+-------++-------
Melee: Flail             |   162 |     9 ||   171
       Whip              |       |   141 ||   141
  Use: Scroll            |     2 |     4 ||     6
  Eat: Chunk             |     2 |     3 ||     5
Armor: Scale mail        |   109 |    60 ||   169
Dodge: Dodged            |    60 |    38 ||    98
Block: Shield            |   109 |    68 ||   177

Table legend:
 A = Non-vault XP
 B = Vault XP
 C = Vault XP percentage of total XP
 D = Non-vault monster count
 E = Vault monster count
 F = Vault count percentage of total count
                 A         B        C        D         E       F
            +---------+---------+-------+---------+---------+-------
      Total |     479 |       0 |   0.0 |      59 |       0 |   0.0
            +---------+---------+-------+---------+---------+-------
        D:1 |      23 |       0 |   0.0 |      14 |       0 |   0.0
        D:2 |      20 |       0 |   0.0 |      14 |       0 |   0.0
        D:3 |      44 |       0 |   0.0 |      16 |       0 |   0.0
        D:4 |      44 |       0 |   0.0 |       2 |       0 |   0.0
        D:5 |     348 |       0 |   0.0 |      13 |       0 |   0.0
            +---------+---------+-------+---------+---------+-------
